 Dungeon Crawl Stone Soup version 0.30.0-19-gbf45117a57 (webtiles) character file.

Game seed: 15508796195217688778

700 qw the Chopper (level 7, -1/44 HPs)
             Began as a Gargoyle Fighter on May 25, 2023.
             Killed from afar by a steam dragon (15 damage)
             ... with a ball of steam
             ... on level 5 of the Dungeon.
             The game lasted 00:01:49 (4257 turns).

qw the Chopper (Gargoyle Fighter)                   Turns: 4257, Time: 00:01:50

Health: -1/44      AC: 17    Str: 21    XL:     7   Next: 65%
Magic:  7/7        EV:  8    Int:  9    God:
Gold:   279        SH:  4    Dex:  9    Spells: 6/6 levels left

rFire   . . .        Y - +0 war axe
rCold   . . .        c - +0 buckler
rNeg    + + +        f - +0 chain mail
rPois   inf          n - +0 helmet
rElec   +            g - +0 cloak
rCorr   .            (no gloves)
SInv    .            j - +0 pair of boots of Insurance {*Slow rElec rN+++ Stlth-}
Will    .....        (no amulet) Stlth
                     (no ring)
HPRegen 0.27/turn    (no ring)
MPRegen 0.10/turn

%: slow self (1%)
@: no status effects
A: sickness immunity, AC +4, negative energy resistance 1, electricity
resistance, torment resistance 1, petrification resistance
a: no special abilities


You were on level 5 of the Dungeon.
You visited 2 branches of the dungeon, and saw 6 of its levels.

You collected 279 gold pieces.


Innate Abilities, Weirdness & Mutations

You are immune to sickness and miasma.
Your stone body is resilient. (AC +4)
You are immune to poison.
You resist negative energy. (rN+)
You are resistant to electric shocks. (rElec)
You are resistant to unholy torment.
You are immune to petrification.


   Skills:
 - Level 4.4 Fighting
 + Level 6.6 Axes
 - Level 1.8 Throwing
 - Level 3.2 Armour
 - Level 1.1 Dodging
 - Level 3.2 Shields


You had 6 spell levels left.
You didn't know any spells.
Your spell library was empty.

Inventory:

Hand Weapons
 b - a +2 heavy flail
 Y - a +0 war axe (weapon)
Missiles
 a - 3 silver boomerangs
 l - 5 boomerangs (quivered)
Armour
 c - a +0 buckler (worn)
 f - a +0 chain mail (worn)
 g - a +0 cloak (worn)
 j - the +0 pair of boots of Insurance (worn) {*Slow rElec rN+++ Stlth-}
   (You found it on level 3 of the Dungeon)

   rElec:     It insulates you from electricity.
   rN:        It renders you almost immune to negative energy.
   *Slow:     It may slow you when you take damage.
   Stlth:     It makes you less stealthy.
 n - a +0 helmet (worn)
Scrolls
 h - a scroll of identify
 o - a scroll of fear {unknown}
Potions
 d - 4 potions of might
 e - a potion of lignification
 i - a potion of resistance
 k - a potion of mutation {unknown}
 m - a potion of attraction
 p - 3 potions of curing
 q - a potion of invisibility {unknown}

Dungeon Overview and Level Annotations

Branches:
Dungeon (5/15)             Temple (1/1) D:4

Altars:
Ashenzari
Cheibriados
Dithmenos
Elyvilon
Fedhas
Gozag
Hepliaklqana
Kikubaaqudgha
Makhleb
Qazlal
Ru
Sif Muna
Trog
Uskayaw
Vehumet
Wu Jian
Xom
Yredelemnul
Zin
The Shining One


Message History

A steam dragon comes into view.
The steam dragon hisses angrily.
The steam dragon bites you. You block the steam dragon's attack.
You slash the steam dragon!
The steam dragon is heavily wounded.
The steam dragon bites you but does no damage.
The steam dragon barely misses you.
You hit the steam dragon.
The steam dragon is heavily wounded.
The steam dragon bites you but does no damage.
You block the steam dragon's attack.
You hit the steam dragon.
The steam dragon is heavily wounded.
The steam dragon barely misses you. The steam dragon closely misses you.
You closely miss the steam dragon.
The steam dragon is heavily wounded.
The steam dragon breathes steam at you. The ball of steam hits you.
You hit the steam dragon.
The steam dragon is severely wounded.
You are engulfed in a cloud of scalding steam.
The steam dragon bites you but does no damage.
The steam dragon misses you.
The steam dragon bites you but does no damage.
You block the steam dragon's attack.
You barely miss the steam dragon.
The steam dragon is severely wounded.
You are engulfed in a cloud of scalding steam.
The steam dragon bites you but does no damage.
The steam dragon claws you but does no damage.
You hit the steam dragon.
The steam dragon is severely wounded.
You are engulfed in a cloud of scalding steam.
The steam dragon barely misses you. x2
You closely miss the steam dragon.
The steam dragon is severely wounded.
You are engulfed in a cloud of scalding steam.
The steam dragon breathes steam at you. The ball of steam hits you!
You die...

# ##### ##.##### .......
# ....... #.### .......
....#############.##.
##..#....#..####.##.
#...¤.¤.............
#.D@..¤.#...........
...........¤#...........
.........¤¤.#...........
...........(#...........
.##+#######.########..##
### #..# ....# .....#
.....#


You could see a steam dragon (catching breath).

Vanquished Creatures
  An ice beast (D:5)
  2 black bears (D:4)
  2 scorpions
  2 hounds (D:5)
  A gnoll bouda (D:5)
  An iguana (D:4)
  Robin (D:2)
  2 adders (D:4)
  8 gnolls
  3 worms (D:2)
  4 dart slugs
  9 orcs
  4 endoplasms
  4 giant cockroaches
  10 goblins
  5 hobgoblins
  4 jackals (D:1)
  6 kobolds
  3 quokkas
  5 ball pythons
  2 bats (D:3)
  3 frilled lizards
  2 rats
84 creatures vanquished.

Notes
Turn   | Place    | Note
-------+----------+-------------------------------------------
     0 | D:1      | qw the Gargoyle Fighter began the quest for the Orb.
     0 | D:1      | Reached XP level 1. HP: 14/14 MP: 1/1
     0 | D:1      | 0 ||| qw: Version: 0.2-a-98-g5d7165a
     0 | D:1      | 0 ||| qw: Game counter: 88
     0 | D:1      | 0 ||| qw: Always use a shield: true
     0 | D:1      | 0 ||| qw: God list: Okawaru
     0 | D:1      | 0 ||| qw: Allow faded altars: false
     0 | D:1      | 0 ||| qw: Do Orc after D:15 true
     0 | D:1      | 0 ||| qw: Do second Lair branch before Depths: true
     0 | D:1      | 0 ||| qw: Lair rune preference: random
     0 | D:1      | 0 ||| qw: Plans: Normal, Zot:1-4, God:TSO, Crypt, Tomb,
                  | Pan, Slime:5, Hells, Abyss, Win
     0 | D:1      | 0 ||| PLANNING D:1-11
    68 | D:1      | Reached skill level 2 in Axes
   109 | D:1      | Found a faded altar of an unknown god.
   340 | D:1      | Reached XP level 2. HP: 19/19 MP: 2/2
   809 | D:1      | 809 ||| UPGRADING to +0 chain mail.
   819 | D:1      | 819 ||| DROPPING +0 scale mail.
   820 | D:1      | 820 ||| READING scroll labelled AVUHER DEIRE.
   921 | D:1      | 921 ||| READING 3 scrolls labelled XEFAGE BIM.
   922 | D:1      | 922 ||| READING scroll labelled WIKEG QOEMMA.
   932 | D:1      | 932 ||| READING scroll labelled SYTEFA RUTOGEL.
   933 | D:1      | 933 ||| READING scroll labelled SEAXAO JOAMP.
   934 | D:1      | 934 ||| DRINKING 2 red potions.
   935 | D:1      | 935 ||| DRINKING 2 clear potions.
   936 | D:1      | 936 ||| READING 2 scrolls of identify.
   936 | D:1      | 936 ||| IDENTIFYING orange potion
   937 | D:1      | 937 ||| DROPPING potion of flight.
  1016 | D:2      | Reached skill level 3 in Axes
  1293 | D:2      | Reached XP level 3. HP: 23/23 MP: 3/3
  1527 | D:2      | 1527 ||| Stepping ~*~*~tactically~*~*~ (stealth).
  1528 | D:2      | 1528 ||| Stepping ~*~*~tactically~*~*~ (stealth).
  1567 | D:2      | 1567 ||| Stepping ~*~*~tactically~*~*~ (stealth).
  1582 | D:2      | Noticed Robin
  1586 | D:2      | Killed Robin
  1794 | D:2      | Reached XP level 4. HP: 28/28 MP: 4/4
  1880 | D:2      | 1880 ||| UPGRADING to +0 cloak.
  1885 | D:2      | 1885 ||| UPGRADING to +0 helmet.
  1890 | D:2      | 1890 ||| READING 2 scrolls labelled UMAHIZO ETOUPH.
  1891 | D:2      | 1891 ||| DRINKING 2 viscous cyan potions.
  1892 | D:2      | 1892 ||| DROPPING scroll of poison.
  1948 | D:3      | 1948 ||| Stepping ~*~*~tactically~*~*~ (hiding).
  1949 | D:3      | 1949 ||| Stepping ~*~*~tactically~*~*~ (hiding).
  1950 | D:3      | 1950 ||| Stepping ~*~*~tactically~*~*~ (hiding).
  2090 | D:3      | Reached skill level 4 in Axes
  2097 | D:3      | HP: 6/28 [gnoll/+0 spear (4)]
  2187 | D:3      | 2187 ||| DROPPING +0 whip.
  2252 | D:3      | 2252 ||| Stepping ~*~*~tactically~*~*~ (hiding).
  2398 | D:3      | Identified the +0 pair of boots of Insurance {*Slow rElec
                  | rN+++ Stlth-}
  2512 | D:3      | 2512 ||| Stepping ~*~*~tactically~*~*~ (stealth).
  2775 | D:3      | 2775 ||| UPGRADING to +0 pair of boots of Insurance {*Slow
                  | rElec rN+++ Stlth-}.
  2780 | D:3      | 2780 ||| READING scroll labelled INLUPNEMP.
  2785 | D:3      | 2785 ||| READING scroll labelled DIUTAG USILEHU.
  2842 | D:4      | Reached XP level 5. HP: 32/32 MP: 5/5
  2907 | D:4      | Found a staircase to the Ecumenical Temple.
  2908 | D:4      | 2908 ||| PLANNING TEMPLE
  2908 | D:4      | 2908 ||| DRINKING 2 smoky grey potions.
  2915 | Temple   | Entered the Ecumenical Temple
  3306 | Temple   | 3306 ||| PLANNING D:1-11
  3381 | D:4      | Noticed a black bear
  3390 | D:4      | Killed a black bear
  3391 | D:4      | Reached skill level 5 in Axes
  3523 | D:4      | Noticed a black bear
  3531 | D:4      | Killed a black bear
  3532 | D:4      | Reached XP level 6. HP: 35/39 MP: 6/6
  3580 | D:4      | 3580 ||| Stepping ~*~*~tactically~*~*~ (hiding).
  3765 | D:4      | Reached skill level 6 in Axes
  3878 | D:4      | 3878 ||| READING scroll labelled FUORUA RYBIN.
  3879 | D:4      | 3879 ||| READING scroll labelled AXUESIHATHORAC.
  3880 | D:4      | 3880 ||| READING 3 scrolls of identify.
  3880 | D:4      | 3880 ||| IDENTIFYING dark potion
  3881 | D:4      | 3881 ||| READING 2 scrolls of identify.
  3881 | D:4      | 3881 ||| IDENTIFYING green potion
  3882 | D:4      | 3882 ||| DROPPING potion of brilliance.
  3904 | D:5      | Entered Level 5 of the Dungeon
  3926 | D:5      | Reached skill level 1 in Dodging
  3926 | D:5      | Reached XP level 7. HP: 28/44 MP: 7/7
  4098 | D:5      | HP: 10/44 [orc/+2 heavy flail (7)]
  4099 | D:5      | 4099 ||| DRINKING potion of heal wounds.
  4162 | D:5      | 4162 ||| DROPPING +0 flail.
  4196 | D:5      | Reached skill level 1 in Throwing
  4246 | D:5      | Noticed a steam dragon
  4257 | D:5      | Killed from afar by a steam dragon

Levels and vault maps discovered:
D:1:      sevenhm_arrival_forest_fort_small_3, layout_loops_ring,
          chequers_ecumenical_altar_grove
D:2:      layout_basic, uniq_robin
D:3:      layout_basic
D:4:      layout_rooms, minmay_temple_entry_tees, minmay_circle_x
D:5:      layout_gridville, minmay_misc_feat_hallway
Temple:   mainiacjoe_temple_big_plus

Skill      XL: |  1  2  3  4  5  6  7 |
---------------+----------------------+-----
Axes           | 2 3 4 5 6 |  6.6
Fighting       | 4 |  4.4
Dodging        | 1 |  1.1
Throwing       | 1 |  1.8
Armour         | |  3.2
Shields        | |  3.2

Action                     |  1- 3 |  4- 6 |  7- 9 || total
---------------------------+-------+-------+-------++-------
  Melee: War axe           |   112 |   130 |    61 ||   303
  Throw: Boomerang         |       |    14 |     2 ||    16
    Use: Scroll            |     6 |     7 |       ||    13
         Potion            |     2 |     2 |     1 ||     5
 Armour: Scale mail        |    45 |       |       ||    45
         Chain mail        |    22 |   116 |    58 ||   196
  Dodge: Dodged            |    42 |    54 |    41 ||   137
  Block: Buckler           |    16 |    47 |    17 ||    80

Table legend:
 A = Non-vault XP
 B = Vault XP
 C = Vault XP percentage of total XP
 D = Non-vault monster count
 E = Vault monster count
 F = Vault count percentage of total count
                 A         B        C        D         E       F
            +---------+---------+-------+---------+---------+-------
      Total |     948 |      53 |   5.3 |      70 |      14 |  16.7
            +---------+---------+-------+---------+---------+-------
        D:1 |      28 |       0 |   0.0 |      14 |       0 |   0.0
        D:2 |      25 |      29 |  53.7 |      10 |       8 |  44.4
        D:3 |      75 |       0 |   0.0 |      19 |       0 |   0.0
        D:4 |     401 |      24 |   5.6 |      13 |       6 |  31.6
        D:5 |     419 |       0 |   0.0 |      14 |       0 |   0.0
            +---------+---------+-------+---------+---------+-------
